Unix NetHack Version 3.7.0-50 Work-in-progress - last build Feb 28 2022 15:24:21 (b377c2836c43ebb0b7db9ce427581073a701f771,branch:master). Game began 2022-03-01 18:49:38, ended 2022-03-01 19:08:51. wbn, lawful male human Knight ### ######################## %#!#####!######### % -|---|--.------- #### ...............| ---------# |......<........ |.......|# ###...............| |.......|# # ##### |..............| |........# #####r@a### -------------- - |.......| ....# |........ ---- --------- Wbn the Esquire St:14 Dx:10 Co:13 In:7 Wi:16 Ch:17 Lawful S:923 Dlvl:8 $:117 HP:0(37) Pw:23(23) AC:3 Xp:4/114 T:1737 Latest messages: What do you want to read? [or or ?*] o As you pronounce the formula on it, the scroll disappears. You materialize in a different location! What do you want to eat? [ghi or ?*] h This carrot is delicious! You can see again. The sewer rat bites! You kill the sewer rat! The sewer rat bites! You kill the sewer rat! You see here a food ration. i - a food ration. You see here 31 gold pieces. $ - 31 gold pieces. What do you want to read? [or or ?*] o As you read the scroll, it disappears. You materialize in a different location! You attack thin air. You attack thin air. The giant rat bites! You miss the giant rat. You miss the giant rat. The giant rat bites! You hit the giant rat. The giant rat misses! You kill the giant rat! You miss the giant rat. The giant rat bites! You miss the sewer rat. The sewer rat bites! You miss the sewer rat. The sewer rat misses! The sewer rat bites! You kill the sewer rat! The sewer rat bites! You miss the giant ant. The giant ant bites! The sewer rat bites! The giant ant bites! What do you want to write with? [- ab or ?*] - You write in the dust with your fingertip. What do you want to write in the dust here? Elbereth The giant ant misses! The sewer rat bites! You die... Do you want your possessions identified? [ynq] (y) y Do you want to see your attributes? [ynq] (y) y Do you want an account of creatures vanquished? [ynaq] (y) y Do you want to see your conduct and achievements? [ynq] (y) y Do you want to see the dungeon overview? [ynq] (y) y Major events: Turn 1: wbn the lawful male human Knight entered the dungeon 58: hit with a wielded weapon for the first time 58: killed for the first time 64: entered new level 2, The Dungeons of Doom 181: gained experience level 2 249: entered new level 3, The Dungeons of Doom 541: entered new level 4, The Dungeons of Doom 734: ate for the first time - apple 909: entered new level 5, The Dungeons of Doom 934: attained the rank of Esquire (level 3) 1164: entered new level 6, The Dungeons of Doom 1346: entered new level 7, The Dungeons of Doom 1448: gained experience level 4 1580: entered new level 8, The Dungeons of Doom 1615: became literate by engraving "Elbereth" 1627: consumed animal products for the first time, by eating a tripe ration Inventory: Coins $ - 117 gold pieces Weapons a - a +1 long sword (weapon in hand) b - a +1 lance (alternate weapon; not wielded) Armor d - an uncursed +0 helmet (being worn) f - a blessed +0 pair of leather gloves (being worn) e - an uncursed +0 small shield (being worn) j - a blessed +0 alchemy smock with text "I am an alchemist; if you see me running, try to catch up..." c - an uncursed +1 ring mail (being worn) Comestibles g - 8 uncursed apples h - 11 uncursed carrots i - 3 uncursed food rations Scrolls r - a blessed scroll of taming Tools p - an uncursed tin whistle Wbn the Knight's attributes: Background: You were an Esquire, a level 4 male human Knight. You were lawful, nominally on a mission for Lugh who was opposed by Brigit (neutral) and Manannan Mac Lir (chaotic). You were in the Dungeons of Doom, on level 8. You entered the dungeon 1737 turns ago. You had 114 experience points, 46 more were needed to attain level 5. Your score was 923 before end-of-game adjustments. Basics: You had 0 out of 37 hit points. You had all 23 energy points (spell power). Your armor class was 3. Your wallet contained 117 zorkmids. Autopickup was off. Final Characteristics: Your strength was 14 (limit:18/100). Your dexterity was 10 (limit:18). Your constitution was 13 (limit:18). Your intelligence was 7 (limit:18). Your wisdom was 16 (limit:18). Your charisma was 17 (limit:18). Final Status: You were not hungry. You were unencumbered. You were wielding a long sword. You had basic skill with long sword. Final Attributes: You were devoutly aligned. You could jump. You were warded. You are dead. Miscellaneous: You never encountered a bones level. Total elapsed playing time was 19 minutes and 12 seconds. Vanquished creatures: a yellow light a floating eye a homunculus a kobold leader a wererat an acid blob 5 giant rats a yellow mold 2 green molds a gnome a gecko a kobold 2 goblins 7 sewer rats a grid bug a lichen a kobold zombie 2 newts 31 creatures vanquished. No species were genocided or became extinct. Voluntary challenges: You were an atheist. You read items or engraved 4 times. You engraved Elbereth 1 time. You never genocided any monsters. You never polymorphed an object. You never changed form. You used no wishes. Achievement: You attained the rank of Esquire. The Dungeons of Doom: levels 1 to 8 Level 1: Level 2: Level 3: Level 4: Level 5: A fountain. Level 6: Level 7: Level 8: <- You were here. Final resting place for you, killed by a sewer rat. Game over: ---------- / \ / REST \ / IN \ / PEACE \ / \ | wbn | | 117 Au | | killed by a | | sewer rat | | | | | | 2022 | *| * * * | * _________)/\\_//(\/(/\)/\//\/|_)_______ Fare thee well wbn the Knight... You died in The Dungeons of Doom on dungeon level 8 with 912 points, and 117 pieces of gold, after 1737 moves. You were level 4 with a maximum of 37 hit points when you died.